[Event "AUT-ch U18-Open 2025"]
[Site "Fuerstenfeld"]
[Date "2025.04.13"]
[Round "2.1"]
[White "Balint, Peter"]
[Black "Hake, Nils"]
[Result "1-0"]
[Annotator "ChessBase"]
[ECO "A14"]
[WhiteElo "2366"]
[BlackElo "2054"]
[PlyCount "105"]
[EventDate "2025.04.12"]
[EventType "swiss"]
[EventCountry "AUT"]
[SourceTitle "playchess.com"]
[Source "ChessBase"]
[SourceQuality "1"]
[TimeControl "5400+30"]

1. Nf3 Nf6 2. g3 d5 3. Bg2 e6 4. O-O Be7 5. c4 O-O 6. b3 b6 7. cxd5 exd5 8. Bb2 Re8 9. Nc3 Bb7 10. e3 Nbd7 11. Qc2 Rc8 12. Ne2 c5 13. Rac1 Ba6 14. d3 Bd6 15. Rfd1 Qe7 16. Nf4 Bb7 17. Qb1 b5 18. d4 c4 19. Ne5 Rb8 20. bxc4 bxc4 21. Nxd7 Qxd7 22. Ne2 Bc6 23. Nc3 Ba4 24. Rd2 Bb4 25. Qa1 Rb6 26. Re2 Reb8 27. f3 Bc6 28. Rf1 Ra6 29. Qc1 Ba5 30. Ba1 Rab6 31. Qc2 Ne8 32. Kh1 f5 33. Bh3 g6 34. e4 dxe4 35. Nxe4 Qb7 36. Nc5 Qf7 37. Bg2 Nf6 38. a4 Bd5 39. Bc3 Bb4 40. Rfe1 Re8 41. Rxe8+ Nxe8 42. a5 Rb5 43. Rb1 Bxc3 44. Rxb5 Bxd4 45. Na4 Bc6 46. Rb1 Nd6 47. Nc3 Qe6 48. Qd2 Be3 49. Qe2 Qe5 50. Re1 Qxc3 51. Qxe3 Qxa5 52. Rb1 Nf7 53. Qd4 1-0

[Event "AUT-ch U18-Open 2025"]
[Site "Fuerstenfeld"]
[Date "2025.04.13"]
[Round "2.2"]
[White "Gold, Theodor"]
[Black "Gschiel, Alexander"]
[Result "1/2-1/2"]
[Annotator "ChessBase"]
[ECO "C88"]
[WhiteElo "2066"]
[BlackElo "2317"]
[PlyCount "152"]
[EventDate "2025.04.12"]
[EventType "swiss"]
[EventCountry "AUT"]
[SourceTitle "playchess.com"]
[Source "ChessBase"]
[SourceQuality "1"]
[TimeControl "5400+30"]

1. e4 e5 2. Nf3 Nc6 3. Bb5 a6 4. Ba4 Nf6 5. O-O b5 6. Bb3 Be7 7. Re1 O-O 8. h3 d5 9. exd5 Nxd5 10. Nxe5 Nxe5 11. Rxe5 Nb6 12. d3 c5 13. c3 Qc7 14. Re1 Bb7 15. Nd2 Rad8 16. Nf1 c4 17. Bc2 cxd3 18. Bxd3 Qc6 19. Qf3 Rxd3 20. Qxc6 Bxc6 21. Rxe7 Rd1 22. b3 Nd5 23. Ra7 Nf4 24. Bb2 Rd6 25. Ne3 Rg6 26. Kf1 f5 27. f3 Nh5 28. c4 Ng3+ 29. Kf2 f4 30. Nd5 Bxd5 31. cxd5 Rd8 32. Be5 Rxd5 33. Bxf4 Nh5 34. Rc1 h6 35. Be3 Ng3 36. Bf4 Nf5 37. g4 Nd4 38. Be3 Rgd6 39. Rd1 Nc2 40. Rxd5 Rxd5 41. Rxa6 Rd3 42. Re6 Nb4 43. a4 bxa4 44. bxa4 Ra3 45. Re4 Ra2+ 46. Kg3 Nd3 47. h4 Ne1 48. h5 Rg2+ 49. Kf4 Kf7 50. Bd4 Nd3+ 51. Ke3 Nc1 52. a5 Ra2 53. Bb6 Nb3 54. Re5 Ra3 55. Kf2 g6 56. hxg6+ Kxg6 57. Rd5 Ra2+ 58. Kg3 Nd2 59. Kf4 Ra4+ 60. Kg3 Ra2 61. Rd6+ Kf7 62. Rxh6 Ra3 63. Rh5 Rxf3+ 64. Kg2 Ra3 65. Rf5+ Kg6 66. Rd5 Nc4 67. Rc5 Ne3+ 68. Kf3 Nd5+ 69. Kf2 Nf4 70. Rc6+ Kg5 71. Be3 Kxg4 72. Rc4 Ra2+ 73. Kf1 Ra1+ 74. Kf2 Ra2+ 75. Kf1 Ra1+ 76. Kf2 Ra2+ 1/2-1/2

[Event "AUT-ch U18-Open 2025"]
[Site "Fuerstenfeld"]
[Date "2025.04.13"]
[Round "2.3"]
[White "Leitgeb, Julian"]
[Black "Loretz, Jonas"]
[Result "1-0"]
[Annotator "ChessBase"]
[ECO "C00"]
[WhiteElo "2313"]
[BlackElo "1869"]
[PlyCount "105"]
[EventDate "2025.04.12"]
[EventType "swiss"]
[EventCountry "AUT"]
[SourceTitle "playchess.com"]
[Source "ChessBase"]
[SourceQuality "1"]
[TimeControl "5400+30"]

1. Nf3 Nf6 2. g3 d5 3. Bg2 e6 4. O-O Be7 5. d3 O-O 6. Nbd2 b6 7. e4 c5 8. Re1 Bb7 9. e5 Nfd7 10. h4 Nc6 11. Nf1 Qc7 12. Bf4 Rfd8 13. h5 Nf8 14. N1h2 d4 15. Ng4 Nd7 16. Qd2 Bf8 17. Ng5 Ne7 18. Bxb7 Qxb7 19. Ne4 Nf5 20. h6 g6 21. Bg5 Rdc8 22. Qf4 Qc7 23. Ngf6+ Nxf6 24. Nxf6+ Kh8 25. g4 Ne7 26. Ne8 Nd5 27. Nxc7 Nxf4 28. Nxa8 Nh3+ 29. Kg2 Nxg5 30. Nxb6 axb6 31. f4 Bxh6 32. fxg5 Bxg5 33. a4 Ra8 34. Kf3 Kg7 35. Rh1 h6 36. Ra3 Bd2 37. Rb3 Ra6 38. Rh2 Bg5 39. Rb5 Be7 40. b3 Bd8 41. Rh1 Ra5 42. Rxa5 bxa5 43. c3 dxc3 44. Rc1 Be7 45. Rxc3 h5 46. gxh5 gxh5 47. Rc1 Kg6 48. Ke4 h4 49. Rg1+ Bg5 50. d4 cxd4 51. b4 axb4 52. a5 Kh5 53. a6 1-0

[Event "AUT-ch U18-Open 2025"]
[Site "Fuerstenfeld"]
[Date "2025.04.13"]
[Round "2.4"]
[White "Archan, Elikya"]
[Black "Wendl, Philipp"]
[Result "0-1"]
[Annotator "ChessBase"]
[ECO "B22"]
[WhiteElo "2048"]
[BlackElo "2268"]
[PlyCount "104"]
[EventDate "2025.04.12"]
[EventType "swiss"]
[EventCountry "AUT"]
[SourceTitle "playchess.com"]
[Source "ChessBase"]
[SourceQuality "1"]
[TimeControl "5400+30"]

1. e4 c5 2. c3 d5 3. exd5 Qxd5 4. d4 Nf6 5. Nf3 e6 6. Na3 Nc6 7. Nb5 Qd8 8. dxc5 Bxc5 9. Qxd8+ Kxd8 10. Bg5 Ke7 11. Rd1 h6 12. Bf4 Ne4 13. Nbd4 Rd8 14. Bd3 Nf6 15. Nxc6+ bxc6 16. O-O Nh5 17. Be5 f6 18. Bd4 Bd6 19. Rfe1 Nf4 20. Be4 Bb7 21. Nh4 Kf7 22. Be3 g5 23. Nf3 Nd5 24. Bc2 Nxe3 25. Rxe3 Bf4 26. Ree1 c5 27. Bb3 Rxd1 28. Rxd1 Ke7 29. Ne1 Rc8 30. Bc4 h5 31. Nd3 Bd6 32. Re1 e5 33. f4 gxf4 34. Nxf4 f5 35. Nxh5 Rh8 36. Ng3 Kf6 37. Rf1 f4 38. Bd3 c4 39. Bxc4 Kg5 40. Ne2 e4 41. Rd1 Bc5+ 42. Nd4 f3 43. gxf3 exf3 44. b4 Bb6 45. Re1 Rc8 46. Bb3 Rxc3 47. Rd1 Kf4 48. Kf1 Bxd4 49. Rxd4+ Ke3 50. Rd6 Rc1+ 51. Rd1 Rxd1+ 52. Bxd1 Ba6+ 0-1

[Event "AUT-ch U18-Open 2025"]
[Site "Fuerstenfeld"]
[Date "2025.04.13"]
[Round "2.5"]
[White "Mangeng, Lukas"]
[Black "Gruenwald, Simon"]
[Result "0-1"]
[Annotator "NA"]
[ECO "B13"]
[WhiteElo "1688"]
[BlackElo "2101"]
[PlyCount "126"]
[EventDate "2025.04.12"]
[EventType "swiss"]
[EventCountry "AUT"]
[SourceTitle "playchess.com"]
[Source "ChessBase"]
[SourceQuality "1"]
[TimeControl "5400+30"]

1. d4 d5 2. Nf3 Nf6 3. Bf4 c5 4. c3 Nc6 5. e3 e6 6. Bd3 Bd6 7. Bg3 O-O 8. Nbd2 cxd4 9. exd4 a6 10. O-O Qc7 11. Bxd6 Qxd6 12. Re1 Bd7 13. Ne5 b5 14. a3 Rfb8 15. Qe2 Ne7 16. f4 a5 17. b4 Be8 18. Nb3 a4 19. Nc5 Qc7 20. Rab1 Nd7 21. h3 Nb6 22. g3 Nc4 23. Bxc4 dxc4 24. Qg4 Rb6 25. Re3 Nd5 26. Rf3 Nf6 27. Qh4 Bc6 28. Nxc6 Qxc6 29. Rbf1 Ne4 30. Nxe4 Qxe4 31. g4 g6 32. Qe1 Qxe1 33. Rxe1 Rd8 34. Rfe3 Rd5 35. Kf2 Rdd6 36. Kf3 Kg7 37. h4 h6 38. g5 Rd8 39. Kg4 Rbb8 40. Rh3 Rd5 41. Re5 Rxe5 42. fxe5 Rh8 43. Kg3 Kf8 44. Kg4 Ke7 45. Rh1 hxg5 46. Kxg5 Rh5+ 47. Kg4 Rf5 48. Kg3 Kd7 49. Re1 Kc6 50. Kg2 Kd5 51. Kg3 Kc6 52. Kg2 Kc7 53. Kg3 Kd7 54. Kg2 Kc6 55. Kg3 Kd5 56. Kg2 Rf4 57. Rh1 Ke4 58. Rh3 Kd5 59. Rh1 Ke4 60. Rh3 Rf5 61. Rg3 Kf4 62. Rh3 Kg4 63. Rh1 Rf3 0-1

[Event "AUT-ch U18-Open 2025"]
[Site "Fuerstenfeld"]
[Date "2025.04.13"]
[Round "2.6"]
[White "Maier, Tobias"]
[Black "Fitz, Jonathan David"]
[Result "0-1"]
[Annotator "NA"]
[ECO "C42"]
[WhiteElo "1915"]
[BlackElo "1918"]
[PlyCount "116"]
[EventDate "2025.04.12"]
[EventType "swiss"]
[EventCountry "AUT"]
[SourceTitle "playchess.com"]
[Source "ChessBase"]
[SourceQuality "1"]
[TimeControl "5400+30"]

1. e4 e5 2. Nf3 Nf6 3. Nc3 Bb4 4. Bc4 O-O 5. d3 d5 6. exd5 Nxd5 7. Bxd5 Qxd5 8. O-O Bxc3 9. bxc3 Bg4 10. Re1 Bxf3 11. Qxf3 Qxf3 12. gxf3 Nc6 13. f4 Rfe8 14. Kg2 f6 15. Rb1 b6 16. f3 Kf7 17. Kf2 Re6 18. fxe5 Nxe5 19. Bf4 Rae8 20. a4 g5 21. Bd2 g4 22. f4 Nf3 23. Rxe6 Rxe6 24. Be3 f5 25. h3 h5 26. Rb5 Kg6 27. hxg4 hxg4 28. Rd5 Re7 29. Rd8 Rh7 30. Rg8+ Rg7 31. Rf8 Rf7 32. Rg8+ Kf6 33. c4 Rh7 34. Rf8+ Ke6 35. d4 c6 36. d5+ cxd5 37. cxd5+ Kxd5 38. Rxf5+ Ke4 39. Rf8 Rh2+ 40. Kg3 Kxe3 41. Re8+ Kd2 42. Kxg4 Nd4 43. Re7 a5 44. Rb7 Rh6 45. Kg5 Rc6 46. f5 Nxf5 47. Kxf5 Kxc2 48. Ke4 Kb3 49. Kd5 Rh6 50. Rb8 Kxa4 51. Kc4 Rh4+ 52. Kc3 b5 53. Rg8 b4+ 54. Kb2 Rh2+ 55. Kb1 b3 56. Rg5 Kb4 57. Rf5 a4 58. Rg5 Rh1+ 0-1

[Event "AUT-ch U18-Open 2025"]
[Site "Fuerstenfeld"]
[Date "2025.04.13"]
[Round "2.7"]
[White "Hengl, Philip"]
[Black "Zaytsev, Alexander"]
[Result "1/2-1/2"]
[Annotator "ChessBase"]
[ECO "B50"]
[WhiteElo "2205"]
[BlackElo "2178"]
[PlyCount "84"]
[EventDate "2025.04.12"]
[EventType "swiss"]
[EventCountry "AUT"]
[SourceTitle "playchess.com"]
[Source "ChessBase"]
[SourceQuality "1"]
[TimeControl "5400+30"]

1. e4 c5 2. Nf3 e6 3. b3 Nc6 4. Bb2 d6 5. Nc3 Nf6 6. d4 cxd4 7. Nxd4 e5 8. Nxc6 bxc6 9. Bc4 Be6 10. Bxe6 fxe6 11. Qe2 Be7 12. O-O-O O-O 13. Kb1 a5 14. Na4 Qc7 15. g4 Rae8 16. Rd2 Nd7 17. c4 Rf4 18. Rd3 Qa7 19. f3 Nc5 20. Nxc5 Qxc5 21. Bc1 Rf7 22. a4 Bf8 23. Rhd1 Rb7 24. Ka2 Reb8 25. Ba3 Qb6 26. Qe3 Qxe3 27. Rxe3 c5 28. Red3 Rf7 29. Bb2 Be7 30. Bc3 Ra8 31. Kb2 g5 32. Kc2 Kg7 33. Kd2 Kg6 34. Ke2 h6 35. Kf2 Rf4 36. Kg2 Rf7 37. Rh1 Rf4 38. Be1 Rf7 39. h4 Rff8 40. hxg5 hxg5 41. Bd2 Rf7 42. Rh3 Rh7 1/2-1/2

[Event "AUT-ch U18-Open 2025"]
[Site "Fuerstenfeld"]
[Date "2025.04.13"]
[Round "2.8"]
[White "Jetzl, Julian"]
[Black "Brenner, Nico"]
[Result "1-0"]
[Annotator "ChessBase"]
[ECO "D02"]
[WhiteElo "2146"]
[BlackElo "1813"]
[PlyCount "43"]
[EventDate "2025.04.12"]
[EventType "swiss"]
[EventCountry "AUT"]
[SourceTitle "playchess.com"]
[Source "ChessBase"]
[SourceQuality "1"]
[TimeControl "5400+30"]

1. d4 d5 2. Nf3 Nf6 3. c3 c5 4. dxc5 e6 5. b4 a5 6. e3 Nc6 7. b5 Na7 8. Bd3 Bxc5 9. O-O Bd7 10. a4 O-O 11. Bb2 Nc8 12. Nbd2 Re8 13. c4 Nb6 14. Bxf6 Qxf6 15. cxd5 Nxd5 16. Bxh7+ Kf8 17. Ne4 Qe7 18. Nxc5 Qxc5 19. Ne5 Rad8 20. Qh5 Re7 21. Bg6 Nf6 22. Nxd7+ 1-0